 Dungeon Crawl Stone Soup version 0.26.1-11-gd32895ea62 (webtiles) character file.

Game seed: 14023513206252860547

2139 RepoMan the Reanimator (level 9, -17/57 HPs)
             Began as a Mummy Necromancer on July 24, 2021.
             Was a Follower of Fedhas.
             Killed by an exploding a worker ant (73 damage)
             ... exploding inner flame
             ... on level 7 of the Dungeon.
             The game lasted 00:39:29 (6450 turns).

RepoMan the Reanimator (Mummy Necromancer)          Turns: 6450, Time: 00:39:29

Health: -17/57     AC:  5    Str: 12    XL:     9   Next: 9%
Magic:  21/21      EV: 15    Int: 17    God:    Fedhas [*.....]
Gold:   289        SH:  0    Dex: 12    Spells: 10/24 levels left

rFire    x . .     SeeInvis .   b - +2 hand axe (venom)
rCold    + . .     Faith    .   (no shield)
rNeg     + + +     Spirit   .   l - +0 troll leather armour {Purgy}
rPois    ∞         Reflect  .   (no helmet)
rElec    .         Harm     .   (no cloak)
rCorr    .         Rampage  .   k - +0 pair of gloves
Will     +....                  (no boots)
Stlth    +.........             (no amulet)
HPRegen  0.59/turn              c - +4 ring of evasion
MPRegen  0.17/turn              (no ring)

@: no status effects
A: no potions, fire vulnerability, cold resistance 1, negative energy resistance
3, torment resistance, unbreathing
a: Renounce Religion


You were on level 7 of the Dungeon.
You worshipped Fedhas.
Fedhas was aware of your devotion.
You visited 2 branches of the dungeon, and saw 8 of its levels.
You also visited: Sewer.

You collected 289 gold pieces.

Inventory:

Hand Weapons
 b - a +2 hand axe of venom (weapon)
Armour
 a - a +0 robe
 k - a +0 pair of gloves (worn)
 l - a +0 troll leather armour (worn) {Purgy}
Jewellery
 c - a +4 ring of evasion (left hand)
Wands
 n - a wand of paralysis (5)
Scrolls
 d - a scroll of remove curse
 e - a scroll of immolation
 f - 2 scrolls of enchant weapon
 g - 3 scrolls of identify
 i - a scroll of blinking {unknown}
 j - a scroll of fog {unknown}
 m - a scroll of acquirement {unknown}


   Skills:
 - Level 1.5 Dodging
 - Level 1.5 Stealth
 + Level 8.3 Spellcasting
 + Level 9.5 Necromancy
 * Level 4.5 Invocations


You had 10 spell levels left.
You knew the following spells:

 Your Spells              Type           Power        Failure   Level
a - Agony                 Necr           39%          7%          5
d - Animate Dead          Necr           19%          2%          4
s - Animate Skeleton      Necr           78%          1%          1
v - Vampiric Draining     Necr           19%          1%          3
z - Pain                  Necr           100%         1%          1

Your spell library contained the following spells:

 Spells                   Type           Power        Failure   Level


Dungeon Overview and Level Annotations

Branches:
Dungeon (7/15)             Temple (1/1) D:6           Sewer (visited)

Altars:
Dithmenos
Elyvilon
Fedhas
Makhleb
Qazlal
Ru
Sif Muna
Vehumet
Xom
Yredelemnul
Zin
The Shining One

Annotations:
D:5 Grinder


Innate Abilities, Weirdness & Mutations

You do not drink.
Your flesh is vulnerable to fire.
You are immune to poison.
Your flesh is cold resistant. (rC+)
You are immune to negative energy. (rN+++)
You are immune to unholy pain and torment.
You can survive without breathing.


Message History

The worker ant closely misses you. The orc closely misses you.
The worker ant bites you but does no damage.
Unknown command.
As you read the scroll labelled ISAALO EMUEGH, it crumbles to dust.
The creatures around you are filled with an inner flame!
It was a scroll of immolation.
Flame seeps out of the worker ant.
The worker ant is engulfed in blazing flames.
Fedhas accepts your kill.
The worker ant explodes!
The fiery explosion engulfs the ice beast!!!
The ice beast melts!
Fedhas accepts your kill.
The fiery explosion engulfs the wight!!
Fedhas accepts your kill.
The fiery explosion engulfs the orc!!
Fedhas accepts your kill. The fiery explosion engulfs you!!!!
The fire burns you terribly!
Ouch! That really hurt!
You die...
Fedhas appreciates your contribution to the ecosystem.

#..#...)..#
#..#......#
#..'.z....#
#..##z##..#
##'##.##'##
#....Y#...#
#.....#§..#
#....z#○§.#
#....z§)@.#
#.##..##..#
#. #..#####
..#.... ..
#..... ##o
##.....
#.....
.....h


You could see 2 wights.

Vanquished Creatures
  Prince Ribbit (D:7)
  Duvessa (D:6)
  An orc warrior (D:6)
  A sky beast (D:6)
  Purgy (Sewer)
  4 ogres
  An ice beast (D:7)
  A black bear (D:6)
  A big kobold (D:6)
  A bullfrog (D:6)
  A gnoll sergeant (D:6)
  A scorpion (D:6)
  Dowan (D:6)
  A wight (D:7)
  A howler monkey (D:4)
  A jelly (D:6)
  An orc priest (D:5)
  4 hounds
  8 orc wizards
  A bullfrog skeleton (D:6)
  2 iguanas
  6 worker ants
  6 gnolls
  8 adders
  A river rat (D:6)
  An ooze (D:6)
  An adder skeleton (D:4)
  2 worms
  A dart slug (D:1)
  6 leopard geckos
  25 orcs
  2 ball pythons (D:2)
  5 giant cockroaches
  4 goblins
  6 hobgoblins
  6 jackals
  8 bats
  2 frilled lizards
  11 kobolds
  A quokka zombie (D:6)
  6 rats
143 creatures vanquished.

Vanquished Creatures (collateral kills)
  An adder (D:6)
  An orc (D:3)
  A kobold (Sewer)
3 creatures vanquished.

Vanquished Creatures (others)
  8 plants
8 creatures vanquished.

Grand Total: 154 creatures vanquished

Notes
Turn   | Place    | Note
-------+----------+-------------------------------------------
     0 | D:1      | RepoMan the Mummy Necromancer began the quest for the Orb.
     0 | D:1      | Reached XP level 1. HP: 13/13 MP: 4/4
   352 | D:1      | Reached XP level 2. HP: 19/19 MP: 4/6
   354 | D:1      | Learned a level 1 spell: Animate Skeleton
   983 | D:2      | Reached XP level 3. HP: 24/24 MP: 5/7
  1330 | D:2      | Learned a level 3 spell: Vampiric Draining
  1401 | D:2      | Reached skill level 5 in Necromancy
  1825 | D:3      | Reached XP level 4. HP: 30/30 MP: 4/9
  1874 | D:3      | Learned a level 4 spell: Animate Dead
  2071 | D:3      | Found a basalt altar of Yredelemnul.
  2154 | D:3      | Found a shimmering altar of Xom.
  2625 | D:3      | Found a white marble altar of Elyvilon.
  2944 | D:4      | Reached XP level 5. HP: 29/35 MP: 5/11
  3189 | D:4      | Reached skill level 6 in Necromancy
  3356 | D:4      | Found a stormy altar of Qazlal.
  3365 | D:4      | Found a sacrificial altar of Ru.
  3367 | D:4      | Noticed an ogre
  3393 | D:5      | Entered Level 5 of the Dungeon
  3504 | D:5      | Noticed an ogre
  3520 | D:5      | Killed an ogre
  3521 | D:5      | Reached skill level 5 in Spellcasting
  3521 | D:5      | Reached XP level 6. HP: 41/41 MP: 7/13
  3614 | D:5      | Found a shadowy altar of Dithmenos.
  3635 | D:5      | Noticed Grinder
  3683 | D:4      | Reached skill level 7 in Necromancy
  3695 | D:4      | Reached XP level 7. HP: 45/46 MP: 9/15
  4057 | D:4      | Learned a level 5 spell: Agony
  4214 | D:4      | Reached skill level 8 in Necromancy
  4572 | D:5      | Found a radiant altar of Vehumet.
  4610 | D:5      | Paralysed by Grinder for 6 turns
  4785 | D:6      | Found a glowing drain.
  4793 | Sewer    | Entered a sewer
  4841 | Sewer    | Noticed Purgy
  4848 | Sewer    | Killed Purgy
  4849 | Sewer    | Reached XP level 8. HP: 44/52 MP: 4/18
  5113 | D:6      | Found a staircase to the Ecumenical Temple.
  5125 | Temple   | Entered the Ecumenical Temple
  5132 | Temple   | Became a worshipper of Fedhas Madash
  5254 | D:6      | Reached skill level 1 in Invocations
  5379 | D:6      | Reached skill level 9 in Necromancy
  5470 | D:6      | Noticed Dowan
  5472 | D:6      | Noticed Duvessa
  5488 | D:6      | Killed Dowan
  5505 | D:6      | Killed Duvessa
  5824 | D:6      | Found a shimmering blue altar of Sif Muna.
  5824 | D:6      | Found a burning altar of Makhleb.
  6295 | D:7      | Noticed Prince Ribbit
  6343 | D:7      | Killed Prince Ribbit
  6344 | D:7      | Reached XP level 9. HP: 49/57 MP: 7/21
  6450 | D:7      | Reached * piety under Fedhas
  6450 | D:7      | Killed by an exploding a worker ant... exploding inner
                  | flame

Illustrated notes

Levels and vault maps discovered:
D:1:      zaba_arrival_water, layout_basic
D:2:      layout_loops_ring, serial_bayou_lake_a
D:3:      layout_loops_cross, kennysheep_ying_yang, xom_teletrap_fun
D:4:      minmay_diamond_boxcup, layout_basic, kiku_gazebo_pond_becter,
          nicolae_ru_awakened_eye, grunt_qazlal_clouds
D:5:      kennysheep_big_flooded_room, layout_rooms, lemuel_crystal_altar,
          grunt_dithmenos_smoke, minmay_misc_feat_chi, minivault_27,
          uniq_grinder, uniq_edmund
D:6:      layout_loops_ring, gammafunk_temple_overflow_pools,
          minmay_temple_entry_overgrown, gup_sewer_entry_bubbles, uniq_duvessa
D:7:      layout_gridville, minmay_hollow_rounded_squares, uniq_prince_ribbit1
Temple:   eino_wide_crystal_templ

Skill      XL: |  1  2  3  4  5  6  7  8 |
---------------+-------------------------+-----
Spellcasting   | 3 4 5 6 8 |  8.3
Necromancy     | 5 6 7 8 9 |  9.5
Invocations    | 4 |  4.5
Dodging        | |  1.5
Stealth        | |  1.5

Action                   |  1- 3 |  4- 6 |  7- 9 || total
-------------------------+-------+-------+-------++-------
Melee: Hand axe          |     6 |    19 |    88 ||   113
 Cast: Pain              |    57 |    98 |   131 ||   286
       Animate Skeleton  |       |     3 |     4 ||     7
       Vampiric Draining |       |     2 |    12 ||    14
       Agony             |       |       |     2 ||     2
       Animate Dead      |       |       |     5 ||     5
Evoke: Wand              |       |       |     4 ||     4
  Use: Scroll            |     1 |       |     8 ||     9
 Stab: Sleeping          |     1 |       |     1 ||     2
       Paralysed         |       |       |     9 ||     9
Armor: Robe              |     3 |     4 |     5 ||    12
       Troll leather arm |       |       |    23 ||    23
Dodge: Dodged            |    15 |    46 |   110 ||   171
